 Dungeon Crawl Stone Soup version 0.19.5 (webtiles) character file.

169 JeffiDaFish the Shield-Bearer (level 5, -2/33 HPs)
             Began as a Gargoyle Fighter on Sept 3, 2017.
             Was an Initiate of Okawaru.
             Slain by an ogre
             ... wielding a cursed -1 giant club
              (9 damage)
             ... on level 3 of the Dungeon.
             The game lasted 00:07:13 (2447 turns).

JeffiDaFish the Shield-Bearer (Gargoyle Fighter)    Turns: 2447, Time: 00:07:13

Health: -2/33      AC: 17    Str: 25    XL:     5   Next: 50%
Magic:  5/5        EV:  6    Int:  8    God:    Okawaru [......]
Gold:   156        SH: 10    Dex: 10    Spells: 0 memorised, 4 levels left

rFire  . . .     SeeInvis .     a - +0 flail
rCold  . . .     Gourm    .     i - +0 chain mail
rNeg   + . .     Faith    .     c - +0 shield
rPois  ∞         Spirit   .     (no helmet)
rElec  +         Reflect  .     (no cloak)
rCorr  .         Harm     .     g - +0 pair of gloves
MR     .....                    (no boots)
Stlth  ..........               (no amulet)
                                (no ring)
                                k - +3 ring of protection

@: mighty
A: negative energy resistance 1, electricity resistance, unbreathing,
petrification resistance, rot immunity, AC +4
a: Renounce Religion


You were on level 3 of the Dungeon.
You worshipped Okawaru.
Okawaru was noncommittal.
You were hungry.

You visited 1 branch of the dungeon, and saw 4 of its levels.

You collected 156 gold pieces.

Inventory:

Hand Weapons
 a - a +0 flail (weapon)
Armour
 c - a +0 shield (worn)
 g - a +0 pair of gloves (worn)
 i - a +0 chain mail (worn)
Jewellery
 k - a +3 ring of protection (left hand)
Scrolls
 b - 2 scrolls of identify
 e - 2 scrolls of remove curse
Potions
 d - a potion of might
Comestibles
 f - a bread ration
 h - 4 fruits
 j - 4 meat rations
 l - 3 chunks of flesh


   Skills:
 + Level 3.8 Fighting
 + Level 3.7 Maces & Flails
 + Level 3.9 Armour
 + Level 0.8 Dodging
 + Level 0.2 Stealth
 + Level 4.3 Shields


You had 4 spell levels left.
You didn't know any spells.

Dungeon Overview and Level Annotations

Branches:
Dungeon (4/15)
 Temple: D:4-7

Altars:
Ashenzari
Dithmenos
Hepliaklqana
Makhleb
Okawaru
Zin

Shops:
D:2 *


Innate Abilities, Weirdness & Mutations

You are resistant to torment.
Your stone body is resilient. (AC +4)
You are immune to poison.
You resist negative energy. (rN+)
You are resistant to electric shocks. (rElec)
You can survive without breathing.
You are immune to petrification.
You are immune to rotting.


Message History

You block the ogre's attack.
You hit the ogre.
The ogre is almost dead.
The orc wizard hits you but does no damage.
The ogre hits you with a giant club.
The orc wizard hits you but does no damage.
Your chain mail prevents you from hitting the ogre.
The ogre is almost dead.
You block the orc wizard's attack. The ogre hits you with a giant club!
* * * LOW HITPOINT WARNING * * *
The orc wizard hits you but does no damage.
You are too injured to fight recklessly!
The orc wizard gestures wildly while chanting.
The orc wizard blinks!
You block the ogre's attack.
You climb upwards.
There is a stone staircase leading down here.
The ogre hits you but does no damage.
You feel very mighty all of a sudden. The ogre hits you with a giant club!
You die...

###### #.##.#.##
#.###.## #.# ### #.#
##.###### #.......#
########## #..####.#
.........#
############..## #.#
#.##.###.#
#>.O@.....##...###.##
#.##.# #.#
#.#######.#..........
#.##.# #.#
#.#######.##...###.##
#.##.# #.#
#.#..<........## #.#
#.##.###.#
#.#.#.##..##..####.#
#........#
#.#....#..##.......#
####.#####
#.#..#.#..###'######
#.# #.........##...##
####÷#
###.#.##.##.....##


You could see an ogre.

Vanquished Creatures
  An orc priest (D:4)
  Jessica (D:2)
  4 adders
  A worm (D:2)
  A dart slug (D:2)
  4 leopard geckos
  7 orcs (D:3)
  A ball python (D:3)
  7 bats
  4 giant cockroaches
  3 goblins
  4 hobgoblins
  6 jackals
  3 quokkas (D:3)
  5 frilled lizards
  5 kobolds
  6 rats
63 creatures vanquished.

Notes
Turn   | Place    | Note
-------+----------+-------------------------------------------
     0 | D:1      | JeffiDaFish the Gargoyle Fighter began the quest for the Orb.
     0 | D:1      | Reached XP level 1. HP: 14/14 MP: 1/1
   174 | D:1      | Reached XP level 2. HP: 16/19 MP: 2/2
   780 | D:2      | Reached XP level 3. HP: 22/23 MP: 3/3
  1005 | D:2      | Noticed Jessica
  1015 | D:2      | Killed Jessica
  1015 | D:2      | Reached XP level 4. HP: 10/28 MP: 4/4
  1231 | D:2      | Found a hazy altar of Hepliaklqana.
  1231 | D:2      | Found a shattered altar of Ashenzari.
  1232 | D:2      | Found an iron altar of Okawaru.
  1238 | D:2      | Became a worshipper of Warmaster Okawaru
  1441 | D:2      | Found Zin's Purification Station.
  1444 | D:2      | Found a glowing silver altar of Zin.
  1559 | D:3      | Found a burning altar of Makhleb.
  1885 | D:3      | Reached skill level 4 in Shields
  2140 | D:3      | Reached XP level 5. HP: 33/33 MP: 5/5
  2404 | D:4      | Found a shadowy altar of Dithmenos.
  2404 | D:4      | Noticed an ogre
  2447 | D:3      | Slain by an ogre

Skill      XL: |  1  2  3  4 |
---------------+-------------+-----
Maces & Flails | 3 |  3.7
Shields        | 4 |  4.3
Fighting       | |  3.8
Armour         | |  3.9
Dodging        | |  0.8
Stealth        | |  0.2

Action                   |  1- 3 |  4- 6 || total
-------------------------+-------+-------++-------
Melee: Flail             |   126 |   116 ||   242
  Use: Scroll            |     5 |     2 ||     7
       Potion            |       |     3 ||     3
  Eat: Chunk             |     1 |     4 ||     5
Armor: Scale mail        |    71 |    20 ||    91
       Chain mail        |       |    48 ||    48
Dodge: Dodged            |    40 |    21 ||    61
Block: Shield            |    73 |    68 ||   141
